 Dungeon Sprint DCSS version 0.21-a0-400-g417d9d2 (webtiles) character file.

382 Amnesiac the Geomancer (level 6, 41/41 HPs)
             Began as a Demonspawn Earth Elementalist on Oct 20, 2017.
             Was a Follower of Dithmenos.
             Quit the game in the Dungeon (Sprint I: "Red Sonja").
             The game lasted 00:01:42 (343 turns).

Amnesiac the Geomancer (DsEE)                        Turns: 343, Time: 00:01:43

Health: 41/41      AC:  2    Str:  8    XL:     6   Next: 47%
Magic:  10/14      EV: 12    Int: 18    God:    Dithmenos [*.....]
Gold:   58         SH:  0    Dex: 14    Spells: 9/16 levels left

rFire    . . .     SeeInvis .   a - +0 dagger
rCold    . . .     Gourm    .   (no shield)
rNeg     . . .     Faith    .   c - +0 robe
rPois    .         Spirit   .   (no helmet)
rElec    .         Reflect  .   (no cloak)
rCorr    .         Harm     .   (no gloves)
MR       .....     NoTele   +   (no boots)
Stlth    +++.......             (no amulet)
HPRegen  0.13/turn              (no ring)
MPRegen  0.14/turn              (no ring)

@: wreathed by umbra
A: hooves 1, demonic guardian 1, spiny 1, sanguine armour 1
a: Renounce Religion


You were in the Dungeon.
You worshipped Dithmenos.
Dithmenos was aware of your devotion.
You were not hungry.

You visited 1 branch You collected 108 gold pieces.
You spent 50 gold pieces at shops.

Inventory:

Hand Weapons
 a - a +0 dagger (weapon)
Missiles
 b - 19 stones (quivered)
Armour
 c - a +0 robe (worn)
Scrolls
 j - a scroll of blinking {!r}
Potions
 e - a potion of curing {!q}
 f - a potion of heal wounds {!q}
 g - a potion of haste {!q}
 h - 2 potions of magic {!q}
Books
 k - a book of Geomancy

   Spells                             Type                      Level
   a - Sandblast                      Earth                        1
   b - Passwall                       Transmutation/Earth          2
   c - Stone Arrow                    Conjuration/Earth            3
   d - Petrify                        Transmutation/Earth          4
   e - Lee's Rapid Deconstruction     Earth                        5
Comestibles
 d - a bread ration


   Skills:
 + Level 6.4 Short Blades
 - Level 1.7 Dodging
 - Level 6.2 Stealth
 - Level 5.8 Spellcasting
 - Level 0.8 Transmutations
 - Level 8.3 Earth Magic


You had 9 spell levels left.
You knew the following spells:

 Your Spells              Type           Power        Failure   Level  Hunger
a - Sandblast             Erth           #####.       1%          1    None
b - Passwall              Tmut/Erth      ###.......   2%          2    None
e - Petrify               Tmut/Erth      ###.....     19%         4    ####...


Dungeon Overview and Level Annotations

Branches:
Dungeon (1/1)

Altars:
Cheibriados
Dithmenos
Elyvilon
Fedhas
Gozag
Hepliaklqana
Kikubaaqudgha
Nemelex Xobeh
Okawaru
Qazlal
Ru
Trog
Uskayaw
Yredelemnul
Zin
The Shining One

Shops:
D (


Innate Abilities, Weirdness & Mutations

You have large cloven feet.
A weak demonic guardian rushes to your aid.
You are partially covered in sharp spines.
When seriously injured, your bleeding wounds create armour. (AC +0)


Message History

The blast of sand hits the yak.
You kill the yak!
Dithmenos accepts your kill.
Your Stealth skill gained 2 levels and is now at level 6!
Your Spellcasting skill increases to level 5!
Your Earth Magic skill gained 2 levels and is now at level 8!
You have reached level 5!
Your demonic ancestry asserts itself...
You feel the presence of a demonic guardian.
b - 20 stones
There is an entrance to Dole's Antique Weapon Emporium here.
a - a dagger Thank you for shopping at Dole's Antique Weapon Emporium!
Wield which item (- for none, * to show all)? (? for menu, Esc to quit)
a - a +0 dagger (weapon)
There is a blossoming altar of Fedhas here.
Casting: Sandblast
Confirm with . or Enter, or press ? or * to list all spells.
Which direction?
You begin to meditate on the wall.
You continue meditating on the rock. x2
You finish merging with the rock.
Found 54 gold pieces.
You now have 31 gold pieces (gained 27).
You now have 58 gold pieces (gained 27).
You start resting.
Your blood armour dries and flakes away.
You start resting.
HP restored.
You start resting.
Magic restored.
You start resting.
Magic restored.
You start resting.
HP restored.
Casting: Passwall
Confirm with . or Enter, or press ? or * to list all spells.
Which direction?
You begin to meditate on the wall.
You continue meditating on the rock. x2
You finish merging with the rock.
Sigmund the Dreaded comes into view.
He is wielding a scythe.
The helpless Sigmund fails to defend himself.
You impale Sigmund!!
Sigmund is severely wounded.
Sigmund casts a spell.
Sigmund flickers and vanishes!
Deactivating autopickup; reactivate with Ctrl-A.
Casting: Passwall
Confirm with . or Enter, or press ? or * to list all spells.
Aiming: Sandblast
Press: ? - help, Shift-Dir - straight line The blast of sand hits something.
Dithmenos accepts your kill.
Dithmenos appreciates your extinguishing a source of fire.
You are shrouded in an aura of darkness!
Reactivating autopickup.
Your Short Blades skill gained 6 levels and is now at level 6!
You have reached level 6!
Your experience leads to an increase in your attributes!
Increase (S)trength, (I)ntelligence, or (D)exterity?
You feel agile.
Your demonic ancestry asserts itself...
Your feet thicken and deform.
You feel a bit more experienced.
b - 19 stones Are you sure you want to abandon this character and quit the game? (Confirm with "yes".)

#############
#<.#.)'..#.)+
#..)..#..+@5#
#..#####+####
#..####..#
#..#__####
#..#_____##
#⌠⌠#_.∩...+
####_..__##
#..#_____#
##########


You could see a friendly white imp.

Vanquished Creatures
  Sigmund (D)
  A yak (D)
  An ogre (D)
  Ijyb (D)
4 creatures vanquished.

Vanquished Creatures (others)
  A gargoyle (D)
1 creature vanquished.

Grand Total: 5 creatures vanquished

Notes
Turn   | Place    | Note
-------+----------+-------------------------------------------
     0 | D        | Amnesiac the Demonspawn Earth Elementalist began the quest for the Orb.
     0 | D        | Reached XP level 1. HP: 13/13 MP: 3/3
     1 | D        | Noticed Ijyb
    17 | D        | Killed Ijyb
    17 | D        | Reached skill level 4 in Earth Magic
    17 | D        | Gained mutation: When seriously injured, your bleeding wounds create armour. (AC +0) [demonic ancestry]
    17 | D        | Reached XP level 2. HP: 18/19 MP: 3/6
   111 | D        | Noticed an ogre
   115 | D        | Killed an ogre
   115 | D        | Reached skill level 6 in Earth Magic
   115 | D        | Gained mutation: You are partially covered in sharp spines. [demonic ancestry]
   115 | D        | Reached XP level 3. HP: 24/24 MP: 2/9
   115 | D        | Reached XP level 4. HP: 30/30 MP: 2/10
   119 | D        | Learned a level 2 spell: Passwall
   124 | D        | Learned a level 4 spell: Petrify
   215 | D        | Found a shadowy altar of Dithmenos.
   215 | D        | Found a sacrificial altar of Ru.
   215 | D        | Found a snail-covered altar of Cheibriados.
   215 | D        | Found an opulent altar of Gozag.
   215 | D        | Found a sparkling altar of Nemelex Xobeh.
   215 | D        | Found a basalt altar of Yredelemnul.
   215 | D        | Found a hide-covered altar of Uskayaw.
   215 | D        | Found a hazy altar of Hepliaklqana.
   215 | D        | Found an ancient bone altar of Kikubaaqudgha.
   215 | D        | Found Dole's Antique Weapon Emporium.
   215 | D        | Found a glowing golden altar of the Shining One.
   215 | D        | Found an iron altar of Okawaru.
   215 | D        | Found a bloodstained altar of Trog.
   215 | D        | Found a blossoming altar of Fedhas.
   215 | D        | Found a stormy altar of Qazlal.
   215 | D        | Found a white marble altar of Elyvilon.
   215 | D        | Found a glowing silver altar of Zin.
   215 | D        | Noticed a yak
   215 | D        | Became a worshipper of Dithmenos the Shadowed
   221 | D        | Killed a yak
   221 | D        | Reached skill level 5 in Spellcasting
   221 | D        | Reached skill level 8 in Earth Magic
   221 | D        | Gained mutation: A weak demonic guardian rushes to your aid. [demonic ancestry]
   221 | D        | Reached XP level 5. HP: 22/35 MP: 4/13
   223 | D        | Bought a dagger for 50 gold pieces
   336 | D        | Killed a gargoyle
   341 | D        | Noticed Sigmund
   342 | D        | Killed Sigmund
   342 | D        | Reached * piety under Dithmenos
   342 | D        | Gained mutation: You have large cloven feet. [demonic ancestry]
   342 | D        | Reached XP level 6. HP: 41/41 MP: 10/14
   343 | D        | Quit the game

Vault maps used:
D:        dungeon_sprint_1

Skill      XL: |  1  2  3  4  5 |
---------------+----------------+-----
Stealth        | 3 4 6 |  6.2
Spellcasting   | 3 4 5 |  5.8
Earth Magic    | 4 6 8 |  8.3
Short Blades   | 6 |  6.4
Dodging        | |  1.7
Transmutations | |  0.8

Action                   |  1- 3 |  4- 6 || total
-------------------------+-------+-------++-------
Melee: Unarmed           |    14 |       ||    14
       Dagger            |       |     1 ||     1
 Cast: Sandblast         |     4 |     7 ||    11
       Passwall          |       |     5 ||     5
  Use: Potion            |     1 |       ||     1
 Stab: Sleeping          |       |     1 ||     1
Armor: Robe              |     1 |       ||     1
Dodge: Dodged            |     5 |     1 ||     6

Table legend:
 A = Spawn XP
 B = Non-spawn XP
 C = Spawn XP percentage of total XP
 D = Spawn monster count
 E = Non-spawn monster count
 F = Spawn count percentage of total count
 G = Total turns spent on level
                    A         B        C        D         E        F      G
               +---------+---------+-------+---------+---------+-------+---------
         Total |       0 |     547 |   0.0 |       0 |       4 |   0.0 |   343
               +---------+---------+-------+---------+---------+-------+---------
             D |       0 |     547 |   0.0 |       0 |       4 |   0.0 |   343
               +---------+---------+-------+---------+---------+-------+---------
